 Dungeon Crawl Stone Soup version 0.20.1-1-g8b1a95d (webtiles) character file.

1341 stormannn the Spear-Bearer (level 8, -1/73 HPs)
             Began as a Minotaur Chaos Knight on Dec 9, 2017.
             Slain by Joseph
             ... wielding a +0 quarterstaff of draining
              (3 damage)
             ... on level 7 of the Dungeon.
             The game lasted 00:09:03 (4339 turns).

stormannn the Spear-Bearer (Minotaur Chaos Knight)  Turns: 4339, Time: 00:09:04

Health: -1/73      AC: 13    Str: 19    XL:     8   Next: 35%
Magic:  7/7        EV: 13    Int:  9    God:    Xom [.*....]
Gold:   159        SH:  0    Dex: 12    Spells: 7/7 levels left

rFire    . . .     SeeInvis +   g - +1 halberd (chop)
rCold    . . .     Gourm    .   (shield currently unavailable)
rNeg     . . .     Faith    .   b - +2 leather armour
rPois    .         Spirit   .   (helmet restricted)
rElec    .         Reflect  .   (no cloak)
rCorr    .         Harm     .   s - +0 pair of gloves
MR       .....                  (no boots)
Stlth    +.........             (no amulet)
Regen    0.3/turn               n - +4 ring of protection
MPRegen  0.1/turn               u - ring of see invisible

@: about to teleport, drained
A: retaliatory headbutt, horns 2, rugged brown scales 1, slimy green scales 1,
agile 1
a: Renounce Religion


You were on level 7 of the Dungeon.
You worshipped Xom.
You were a plaything of Xom.
You were not hungry.

You visited 1 branch of the dungeon, and saw 7 of its levels.

You collected 159 gold pieces.

Inventory:

Hand Weapons
 a - a +0 spear of chaos
 g - a +1 halberd of chopping (weapon)
Armour
 b - a +2 leather armour (worn)
 s - a +0 pair of gloves (worn)
Jewellery
 n - a +4 ring of protection (left hand)
 u - a ring of see invisible (right hand)
Wands
 m - a wand of lightning (6/15)
 v - a wand of iceblast (14/15)
Scrolls
 d - a scroll of noise {unknown}
 f - 2 scrolls of remove curse
 j - a scroll of identify
 k - 2 scrolls of enchant armour {unknown}
 l - a scroll of teleportation
 o - a scroll of fog {unknown}
Potions
 e - a potion of degeneration {unknown}
 h - a potion of ambrosia {unknown}
 r - a potion of mutation
 t - a potion of flight {unknown}
Comestibles
 c - 2 bread rations
 p - a meat ration
 q - 6 chunks of flesh


   Skills:
 + Level 6.4(5.4) Fighting
 * Level 8.7(7.7) Polearms
 + Level 5.9(4.9) Armour
 + Level 4.9(4.0) Dodging


You had 7 spell levels left.
You didn't know any spells.

Dungeon Overview and Level Annotations

Branches:
Dungeon (7/15)
 Temple: D:4-7

Altars:
Okawaru
Ru

Annotations:
D:3 Purgy
D:7 Joseph


Innate Abilities, Weirdness & Mutations

You reflexively headbutt those who attack you in melee.
You have a pair of horns on your head.
You are partially covered in rugged brown scales. (AC +1, +3% HP)
You are partially covered in slimy green scales. (AC +2)
You are agile. (Dex +2)


Message History

* * * LOW HITPOINT WARNING * * *
You barely miss Joseph. You headbutt Joseph.
Joseph is lightly wounded.
Joseph hits you with an uncursed quarterstaff of draining.
* * * LOW HITPOINT WARNING * * *
You feel drained.
* * * LOW HITPOINT WARNING * * *
You hit Joseph.
Joseph is lightly wounded.
Joseph hits you with an uncursed quarterstaff of draining.
* * * LOW HITPOINT WARNING * * *
You feel drained.
* * * LOW HITPOINT WARNING * * *
Okay, then.
Okay, then.
As you read the scroll of teleportation, it crumbles to dust.
You feel strangely unstable.
Joseph hits you with an uncursed quarterstaff of draining.
You die...
Xom bursts into laughter!

#.....#####.# #.#
#...........# #.#
#....(#####.# #.#
#.....# #.# #..
#..(..#####.#####..
.####..................
......((#.#####...##...
######.(#.#......<##...
#@.#.#.#.........#
#@.#.....#.......#
......#...........
##..#.....#......##
#..#.#.#..........
#.>#.......#.####.
?......#####.. . #...
... .#.


You could see Joseph.

Vanquished Creatures
  An orc warrior (D:5)
  A centaur (D:5)
  An ogre (D:5)
  2 necrophages
  3 scorpions
  5 wights (D:4)
  A crimson imp (D:5)
  3 orc priests
  5 orc wizards
  Jessica (D:3)
  Terence (D:2)
  An iguana (D:5)
  3 worker ants
  6 adders
  A howler monkey skeleton (D:5)
  A worm (D:2)
  2 dart slugs
  A leopard gecko (D:5)
  16 orcs
  3 giant cockroaches
  5 goblins
  6 hobgoblins
  A hobgoblin (shapeshifter) (D:1)
  8 jackals
  9 kobolds
  2 ball pythons
  5 bats
  4 frilled lizards
  A leopard gecko zombie (D:5)
  A quokka skeleton (D:4)
  11 rats
111 creatures vanquished.

Notes
Turn   | Place    | Note
-------+----------+-------------------------------------------
     0 | D:1      | stormannn the Minotaur Chaos Knight began the quest for the Orb.
     0 | D:1      | Reached XP level 1. HP: 19/19 MP: 0/0
     3 | D:1      | XOM: harmless Hex miscast
   116 | D:1      | Reached skill level 4 in Polearms
   118 | D:1      | XOM: divination: detect items
   148 | D:1      | Reached XP level 2. HP: 23/27 MP: 1/1
   249 | D:1      | XOM: divination: detect creatures
   436 | D:1      | Gained mutation: Your muscles are strong. (Str +2) [mutagenic meat]
   600 | D:1      | XOM: cloud trail
   692 | D:2      | XOM: enchant monster (bad)
   708 | D:2      | Reached XP level 3. HP: 33/33 MP: 2/2
   735 | D:2      | XOM: swap monsters
   798 | D:2      | Found a sacrificial altar of Ru.
   820 | D:2      | Reached XP level 4. HP: 40/40 MP: 3/3
   874 | D:2      | XOM: torment (21/40 hp)
  1229 | D:2      | XOM: summons 2 hostile shadow creatures
  1276 | D:2      | Noticed Terence
  1283 | D:2      | XOM: summons 4 hostile shadow creatures
  1295 | D:2      | Killed Terence
  1295 | D:2      | Reached skill level 5 in Polearms
  1554 | D:3      | Noticed Jessica
  1562 | D:3      | Killed Jessica
  1562 | D:3      | Reached XP level 5. HP: 35/47 MP: 4/4
  1696 | D:3      | Found an iron altar of Okawaru.
  1897 | D:3      | Noticed Purgy
  1903 | D:3      | XOM: enchant monster (good)
  1947 | D:3      | XOM: mild Tloc miscast
  1949 | D:3      | XOM: potion effect (haste)
  1998 | D:4      | XOM: summons 2 friendly demons
  2000 | D:4      | XOM: cast spell 'Summon Butterflies'
  2027 | D:4      | Reached skill level 6 in Polearms
  2027 | D:4      | Reached XP level 6. HP: 28/55 MP: 5/5
  2045 | D:4      | XOM: harmless Fire miscast
  2074 | D:4      | Reached skill level 5 in Fighting
  2241 | D:4      | XOM: swap monsters
  2509 | D:4      | XOM: enchant monster (bad)
  2590 | D:4      | XOM: medium Fire miscast
  2874 | D:4      | Reached skill level 7 in Polearms
  2874 | D:4      | Reached XP level 7. HP: 61/61 MP: 6/6
  3043 | D:5      | Entered Level 5 of the Dungeon
  3187 | D:5      | Reached skill level 5 in Armour
  3331 | D:5      | XOM: harmless Fire miscast
  3558 | D:5      | XOM: harmless Hex miscast
  3814 | D:5      | Reached skill level 8 in Polearms
  3814 | D:5      | Reached XP level 8. HP: 50/70 MP: 7/7
  4012 | D:6      | XOM: summons 1 hostile demon
  4017 | D:5      | XOM: cast spell 'Chain of Chaos'
  4322 | D:7      | Noticed Joseph
  4324 | D:7      | Lost mutation: Your muscles are strong. (Str +2) [potion of mutation]
  4324 | D:7      | Gained mutation: You are partially covered in slimy green scales. (AC +2) [potion of mutation]
  4324 | D:7      | Gained mutation: You are partially covered in rugged brown scales. (AC +1, +3% HP) [potion of mutation]
  4324 | D:7      | Gained mutation: You are agile. (Dex +2) [potion of mutation]
  4338 | D:7      | HP: 2/73 [Joseph/uncursed quarterstaff of draining (2)]
  4339 | D:7      | Slain by Joseph

Skill      XL: |  1  2  3  4  5  6  7 |
---------------+----------------------+-----
Polearms       | 4 5 6 7 8 |  8.7
Fighting       | 4 5 6 |  6.4
Armour         | 3 4 5 |  5.9
Dodging        | 2 3 4 |  4.9

Action                   |  1- 3 |  4- 6 |  7- 9 || total
-------------------------+-------+-------+-------++-------
Melee: Spear             |   104 |   186 |     2 ||   292
       Headbutt          |    10 |    31 |     9 ||    50
       Halberd           |       |       |    94 ||    94
  Use: Potion            |       |     5 |     3 ||     8
       Scroll            |       |     5 |     2 ||     7
 Stab: Confused          |       |     4 |       ||     4
       Paralysed         |       |     7 |       ||     7
       Invisible         |       |     4 |       ||     4
  Eat: Chunk             |     1 |     6 |     5 ||    12
Armor: Leather armour    |    41 |    34 |    17 ||    92
Dodge: Dodged            |    26 |    66 |    54 ||   146
